 Dungeon Crawl Stone Soup version 0.25-a0-781-gc44aebf4fe (webtiles) character file.

Game seed: 17562610824387969336, levelgen mode: deterministic

3848 Maedhros the Covert (level 10, -4/63 HPs)
             Began as an Octopode Artificer on Apr 16, 2020.
             Was an Elder of Cheibriados.
             Slain by waddelsworth's ghost (16 damage)
             ... on level 9 of the Dungeon.
             The game lasted 00:19:59 (5750 turns).

Maedhros the Covert (Octopode Artificer)            Turns: 5750, Time: 00:19:59

Health: -4/63      AC:  1    Str: 22    XL:     10   Next: 18%
Magic:  12/12      EV: 16    Int: 24    God:    Cheibriados [****..]
Gold:   522        SH:  0    Dex: 25    Spells: 5/9 levels left

rFire    . . .     SeeInvis .     - Unarmed
rCold    . . .     Gourm    .   (no shield)
rNeg     . . .     Faith    .   (helmet restricted)
rPois    .         Spirit   .   (no amulet)
rElec    .         Reflect  .   (no ring)
rCorr    .         Harm     .   (no ring)
MR       .....                  (no ring)
Stlth    ++++++....             (no ring)
HPRegen  0.20/turn              (no ring)
MPRegen  0.13/turn              (no ring)
                                (no ring)
                                (no ring)

@: very slow
A: almost no armour, stealthy swim, amphibious, 8 rings, constrict 8, camouflage
1, mutation resistance 1, sense surroundings 1, gelatinous body 1
a: Bend Time, Temporal Distortion, Slouch, Renounce Religion


You were on level 9 of the Dungeon.
You worshipped Cheibriados.
Cheibriados was greatly pleased with you.
You were not hungry.

You visited 1 branch of the dungeon, and saw 9 of its levels.

You collected 522 gold pieces.

Inventory:

Hand Weapons
 a - a +0 short sword
 i - a cursed -3 flail
 s - a +2 antimagic short sword
Missiles
 j - 5 javelins (quivered)
 q - 30 poisoned darts
 B - a throwing net
Jewellery
 y - an uncursed ring of fire
Wands
 b - a wand of flame (3)
 c - a wand of enslavement (1)
 d - a wand of random effects (14)
 o - a wand of scattershot (3)
Scrolls
 e - 3 scrolls of remove curse
 g - 5 scrolls of fog
 l - 2 scrolls of amnesia
 n - 3 scrolls of random uselessness
 p - 2 scrolls of enchant weapon
 t - a scroll of immolation
 A - a scroll of enchant armour {unknown}
 D - 2 scrolls of magic mapping {unknown}
Potions
 k - 3 potions of might
 m - 2 potions of berserk rage
 r - a potion of curing
 z - a potion of brilliance {unknown}
 E - 2 potions of haste
Comestibles
 f - 24 rations
 h - 10 chunks of flesh


   Skills:
 * Level 3.4 Fighting
 - Level 1.0 Short Blades
 * Level 3.8 Dodging
 - Level 10.3 Stealth
 - Level 10.3 Unarmed Combat
 + Level 2.1 Conjurations
 - Level 2.0 Necromancy
 + Level 2.0 Air Magic
 + Level 2.4 Poison Magic
 - Level 3.2 Evocations


You had 5 spell levels left.
You knew the following spells:

 Your Spells              Type           Power        Failure   Level  Hunger
a - Animate Skeleton      Necr           N/A          6%          1    ##.....
b - Mephitic Cloud        Conj/Pois/Air  ##......     19%         3    ####...

Your spell library contained the following spells:

 Spells                   Type           Power        Failure   Level  Hunger
 Magic Dart               Conj           ##..         6%          1    ##.....
 Pain                     Necr           #...         6%          1    ##.....
 Apportation              Tloc           #.....       14%         1    ##.....
 Corona                   Hex            #......      14%         1    ##.....
 Summon Small Mammal      Summ           #...         14%         1    ##.....
 Vampiric Draining        Necr           #.........   19%         3    ####...
 Blink                    Tloc           N/A          22%         2    ###....
 Call Imp                 Summ           #.......     22%         2    ###....
 Slow                     Hex            #.......     22%         2    ###....
 Conjure Flame            Conj/Fire      #.......     28%         3    ####...
 Animate Dead             Necr           N/A          54%         4    #####..
 Agony                    Necr           #.......     87%         5    ######.


Dungeon Overview and Level Annotations

Branches:
Dungeon (9/15)             Temple (0/1) D:4            Lair (0/6) D:9
    Orc: D:9-12

Altars:
Ashenzari
Cheibriados
Elyvilon
Fedhas
Kikubaaqudgha
Makhleb
Nemelex Xobeh
Trog
Uskayaw
Xom
Yredelemnul

Shops:
D:8 (

Annotations:
D:3 3 runed translucent doors, vlindergert's ghost, amateur MiFi
D:9 waddelsworth's ghost, journeyman GrEE


Innate Abilities, Weirdness & Mutations

You cannot wear most types of armour.
You are very stealthy in the water. (Stealth+)
You are amphibious.
You can wear up to eight rings at the same time.
You can use your tentacles to constrict eight enemies at once.
Your skin changes colour to match your surroundings (Stealth+).
Your rubbery body absorbs attacks. (AC +1, EV +1)
You are somewhat resistant to further mutation.
You passively map a small area around you.


Message History

You feel better. Waddelsworth's ghost hits you!
It was a potion of magic.
Magic courses through your body.
Waddelsworth's ghost is engulfed in blazing flames.
Flame seeps out of waddelsworth's ghost.
Waddelsworth's ghost hits you!
* * * LOW HITPOINT WARNING * * *
Okay, then.
You feel better.
Waddelsworth's ghost is engulfed in blazing flames.
Flame seeps out of waddelsworth's ghost.
Waddelsworth's ghost barely misses you.
It was a potion of resistance.
You feel protected.
Waddelsworth's ghost completely misses you.
It was a potion of cancellation.
Your magical effects are unravelling.
You feel magically purged.
Your resistance to elements expires.
Waddelsworth's ghost hits you!
You die...

.................,
, ,
*##.###..........
, *
#.............. *
#....####..####
#..###☼.####.., *
* #.##.§.§.$.... ,
#.#.§Y☼..5.###
#.##§W#......# *,
#..#.@#...5... ..#
*
##.#..##.?...##..#
*
#.#...###!$##..#*
* #.##....####...#
* #..#..........#
#..##.........#, *
##...##.......## *
*
#.....###'''###..#
,
#.#.............#


You could see an ice beast and waddelsworth's ghost (inner flame).

Vanquished Creatures
  A two-headed ogre (D:9)
  Psyche (D:8)
  A troll (D:6)
  2 ice beasts (D:9)
  2 sky beasts (D:7)
  A black bear (D:9)
  2 eyes of draining (D:5)
  An orc warrior (D:9)
  A phantom (D:6)
  An ogre (D:7)
  A gnoll sergeant (D:8)
  3 bullfrogs
  2 scorpions (D:4)
  A water moccasin skeleton (D:6)
  5 crimson imps
  A gnoll shaman (D:7)
  3 hounds
  4 orc priests
  A bullfrog skeleton (D:7)
  A jelly (D:5)
  8 orc wizards
  2 iguanas
  4 worker ants
  11 gnolls
  9 adders
  2 shadow imps
  3 white imps (D:9)
  A worker ant simulacrum (D:9)
  An ooze (D:4)
  An adder skeleton (D:6)
  2 dart slugs
  4 leopard geckos
  37 orcs
  2 bat skeletons (D:2)
  4 bat zombies (D:2)
  7 giant cockroaches
  4 goblins
  3 hobgoblins
  5 jackals
  2 kobolds
  4 quokkas
  A ball python zombie (D:6)
  4 bats
  4 frilled lizards (D:1)
  A leopard gecko skeleton (D:5)
  5 rats
166 creatures vanquished.

Vanquished Creatures (collateral kills)
  An orc warrior (D:9)
  2 porcupines (D:9)
  A hound (D:4)
  An orc priest (D:7)
  An orc (D:7)
  A giant cockroach (D:2)
  A goblin (D:2)
  A hobgoblin (D:2)
  A quokka (D:2)
  A rat (D:2)
  A fungus (D:9)
12 creatures vanquished.

Vanquished Creatures (others)
  An orc priest (D:5)
  An orc wizard (D:5)
  2 adders
  A gnoll (D:7)
  An orc (D:3)
  A fungus (D:9)
7 creatures vanquished.

Grand Total: 185 creatures vanquished

Notes
Turn   | Place    | Note
-------+----------+-------------------------------------------
     0 | D:1      | Maedhros the Octopode Artificer began the quest for the
                  | Orb.
     0 | D:1      | Reached XP level 1. HP: 13/13 MP: 3/3
    72 | D:1      | Reached skill level 1 in Unarmed Combat
   360 | D:1      | Reached XP level 2. HP: 17/18 MP: 4/4
   584 | D:2      | Reached XP level 3. HP: 7/23 MP: 5/5
   610 | D:2      | Found a white marble altar of Elyvilon.
  1023 | D:3      | Gained mutation: You tend to lose your temper in combat.
                  | [potion of mutation]
  1023 | D:3      | Gained mutation: Your spells are a little easier to cast,
                  | but a little less powerful. [potion of mutation]
  1023 | D:3      | Gained mutation: You are partially covered in molten
                  | scales. (AC +2) [potion of mutation]
  1026 | D:3      | Reached XP level 4. HP: 19/28 MP: 6/6
  1028 | D:3      | HP: 2/42 [orc priest/divine providence (13)]
  1231 | D:3      | Found a runed translucent gate.
  1232 | D:3      | Found a runed translucent gate.
  1232 | D:3      | Found a runed translucent gate.
  1246 | D:3      | Noticed vlindergert's ghost (amateur MiFi)
  1322 | D:3      | Found a snail-covered altar of Cheibriados.
  1330 | D:3      | Became a worshipper of Cheibriados the Contemplative
  1426 | D:1      | Reached XP level 5. HP: 33/33 MP: 7/7
  1990 | D:2      | Reached * piety under Cheibriados
  2023 | D:2      | Found an ancient bone altar of Kikubaaqudgha.
  2288 | D:3      | Reached XP level 6. HP: 24/38 MP: 8/8
  2427 | D:4      | Found a hide-covered altar of Uskayaw.
  2434 | D:4      | Reached skill level 5 in Stealth
  2536 | D:4      | Reached ** piety under Cheibriados
  2684 | D:4      | Reached skill level 5 in Unarmed Combat
  2834 | D:4      | Found a staircase to the Ecumenical Temple.
  2901 | D:5      | Entered Level 5 of the Dungeon
  2909 | D:4      | Reached XP level 7. HP: 15/43 MP: 9/9
  2949 | D:4      | Lost mutation: Your spells are a little easier to cast, but
                  | a little less powerful. [potion of mutation]
  2949 | D:4      | Lost mutation: You are partially covered in molten scales.
                  | (AC +2) [potion of mutation]
  2949 | D:4      | Lost mutation: You tend to lose your temper in combat.
                  | [potion of mutation]
  2949 | D:4      | Gained mutation: You are somewhat resistant to further
                  | mutation. [potion of mutation]
  2949 | D:4      | Gained mutation: You passively map a small area around you.
                  | [potion of mutation]
  3184 | D:5      | Found a shimmering altar of Xom.
  3184 | D:5      | Found a sparkling altar of Nemelex Xobeh.
  3185 | D:5      | Found a burning altar of Makhleb.
  3285 | D:5      | Found a bloodstained altar of Trog.
  3308 | D:5      | Reached XP level 8. HP: 46/48 MP: 0/10
  3440 | D:6      | Reached *** piety under Cheibriados
  3508 | D:6      | Noticed a troll
  3517 | D:6      | Killed a troll
  3764 | D:6      | Found a basalt altar of Yredelemnul.
  4013 | D:7      | HP: 2/48 [gnoll/+0 spear (6)]
  4106 | D:7      | Reached **** piety under Cheibriados
  4107 | D:7      | Found a blossoming altar of Fedhas.
  4178 | D:7      | Reached XP level 9. HP: 32/53 MP: 11/11
  4904 | D:8      | Noticed Psyche
  4910 | D:8      | Killed Psyche
  4910 | D:8      | Reached skill level 10 in Stealth
  4910 | D:8      | Reached skill level 10 in Unarmed Combat
  5297 | D:8      | Found Kinuxzomo's Weapon Shoppe.
  5313 | D:8      | Found a shattered altar of Ashenzari.
  5382 | D:8      | Learned a level 1 spell: Animate Skeleton
  5386 | D:8      | Learned a level 3 spell: Mephitic Cloud
  5617 | D:9      | Noticed a two-headed ogre
  5640 | D:9      | Killed a two-headed ogre
  5640 | D:9      | Reached skill level 1 in Conjurations
  5640 | D:9      | Reached skill level 1 in Necromancy
  5640 | D:9      | Reached skill level 1 in Air Magic
  5640 | D:9      | Reached skill level 1 in Poison Magic
  5640 | D:9      | Reached XP level 10. HP: 62/62 MP: 12/12
  5685 | D:9      | Found a staircase to the Lair.
  5721 | D:9      | Found a runed translucent gate.
  5721 | D:9      | Found a runed translucent gate.
  5721 | D:9      | Found a runed translucent gate.
  5742 | D:9      | Noticed waddelsworth's ghost (journeyman GrEE)
  5750 | D:9      | Slain by waddelsworth's ghost

Levels and vault maps discovered:
D:1:      scummos_arrival_checkerplants, layout_loops_corners
D:2:      layout_rooms, kennysheep_vampire_church,
          nicolae_overflow_crystal_walls
D:3:      layout_loops_ring, gammafunk_ghost_split, st_stairs_7,
          cheibriados_altar_1
D:4:      layout_rooms, lemuel_doored_altar, temple_green,
          minmay_misc_feat_alley
D:5:      layout_rooms, trog_eyes_of_draining, gammafunk_temple_overflow_claw,
          first_ration, grunt_decor_cap
D:6:      layout_rooms, lemuel_coloured_pillars_altar, st_stairs_9
D:7:      layout_basic, grunt_ogre_cave, fedhas_altar_2
D:8:      layout_loops_cross, serial_shops, nicolae_shop_trees,
          ashenzari_altar_1, uniq_psyche
D:9:      cheibrodos_wizards_tower, layout_basic,
          grunt_lair_entry_orc_guard_hut, enter_bailey_2, special_room
          [special_room_bee], gammafunk_ghost_icy, uniq_maurice

Skill      XL: |  1  2  3  4  5  6  7  8  9 10 |
---------------+-------------------------------+-----
Unarmed Combat | 1 2 3 4 5 7 9 10 | 10.3
Stealth        | 2 3 4 5 7 9 10 | 10.3
Fighting       | 2 3 |  3.4
Dodging        | 3 |  3.8
Conjurations   | 1 2 |  2.1
Necromancy     | 1 2 |  2.0
Air Magic      | 1 2 |  2.0
Poison Magic   | 1 2 |  2.4
Short Blades   | |  1.0
Evocations     | |  3.2

Action                   |  1- 3 |  4- 6 |  7- 9 | 10-12 || total
-------------------------+-------+-------+-------+-------++-------
Melee: Short sword       |    38 |       |       |       ||    38
       Constrict         |    10 |    35 |    51 |     4 ||   100
       Tentacles         |     4 |    34 |    61 |     4 ||   103
       Unarmed           |     7 |   151 |   192 |    11 ||   361
       Punch             |       |     5 |    21 |     2 ||    28
Throw: Javelin           |       |       |     1 |       ||     1
 Cast: Animate Skeleton  |       |       |       |     3 ||     3
Evoke: Wand              |     8 |     4 |    16 |       ||    28
  Use: Potion            |     3 |     2 |     4 |     5 ||    14
       Scroll            |       |       |     9 |     1 ||    10
 Stab: Sleeping          |     2 |     8 |    15 |       ||    25
       Distracted        |       |     1 |       |       ||     1
  Eat: Chunk             |       |     5 |     5 |       ||    10
Armor: Skin              |    28 |   102 |     5 |       ||   135
Dodge: Dodged            |    34 |    88 |    83 |    11 ||   216

Table legend:
 A = Non-vault XP
 B = Vault XP
 C = Vault XP percentage of total XP
 D = Non-vault monster count
 E = Vault monster count
 F = Vault count percentage of total count
                 A         B        C        D         E       F
            +---------+---------+-------+---------+---------+-------
      Total |    3945 |    1553 |  28.2 |     153 |      24 |  13.6
            +---------+---------+-------+---------+---------+-------
        D:1 |      28 |       0 |   0.0 |      16 |       0 |   0.0
        D:2 |      95 |      12 |  11.2 |      17 |       6 |  26.1
        D:3 |     197 |       2 |   1.0 |      29 |       1 |   3.3
        D:4 |     413 |       0 |   0.0 |      15 |       0 |   0.0
        D:5 |     524 |     255 |  32.7 |      27 |       4 |  12.9
        D:6 |     749 |       0 |   0.0 |      13 |       0 |   0.0
        D:7 |     597 |     113 |  15.9 |      20 |       1 |   4.8
        D:8 |     292 |     424 |  59.2 |       9 |       1 |  10.0
        D:9 |    1050 |     747 |  41.6 |       7 |      11 |  61.1
            +---------+---------+-------+---------+---------+-------
